 Dungeon Crawl Stone Soup version 0.24-a0-479-g9a978d2894 (webtiles) character file.

Game seed: 15191000842500569733

967 sillyhamneeda the Chopper (level 7, -5/57 HPs)
             Began as a Deep Dwarf Fighter on July 9, 2019.
             Hit by a boomerang thrown by an orc warrior (17 damage)
             ... on level 5 of the Dungeon.
             The game lasted 00:15:52 (4292 turns).

sillyhamneeda the Chopper (Deep Dwarf Fighter)      Turns: 4292, Time: 00:15:53

Health: -5/57      AC: 11    Str: 23    XL:     7   Next: 93%
Magic:  7/7        EV:  6    Int: 11    God:
Gold:   170        SH: 10    Dex: 12    Spells: 6/6 levels left

rFire    + . .     SeeInvis .   a - +0 war axe
rCold    . . .     Gourm    .   c - +0 shield
rNeg     . . .     Faith    .   v - +0 chain mail
rPois    .         Spirit   .   p - +0 helmet
rElec    .         Reflect  .   (no cloak)
rCorr    .         Harm     .   (no gloves)
MR       +....                  (no boots)
Stlth    ..........             (no amulet)
HPRegen  0.00/turn              B - ring of protection from fire
MPRegen  0.10/turn              (no ring)

@: non-regenerating
A: damage resistance, heal wounds, clever 1, frail 1, sense surroundings 1,
strong 1, evolution 1, no regeneration
a: Heal Wounds


You were on level 5 of the Dungeon.
You were not hungry.

You visited 1 branch of the dungeon, and saw 5 of its levels.

You collected 170 gold pieces.

Inventory:

Hand Weapons
 a - a +0 war axe (weapon)
 b - a +0 hunting sling
 l - a +2 short sword of electrocution
 t - a +0 flail of draining
Missiles
 r - 95 stones (quivered)
Armour
 c - a +0 shield (worn)
 g - a +0 troll leather armour
 p - a +0 helmet (worn)
 v - a +0 chain mail (worn)
Jewellery
 B - a ring of protection from fire (left hand)
Wands
 s - a wand of enslavement (6)
 u - a wand of digging (5)
Scrolls
 e - a scroll of immolation {unknown}
 h - a scroll of identify
 i - a scroll of teleportation {unknown}
 j - 4 scrolls of remove curse {unknown}
 m - 2 scrolls of fear {unknown}
 n - a scroll of enchant weapon {unknown}
 o - 4 scrolls of magic mapping {unknown}
 w - a scroll of fog {unknown}
 x - 2 scrolls of amnesia {unknown}
 y - a scroll of enchant armour {unknown}
 C - a scroll of random uselessness {unknown}
Potions
 d - a potion of might
 k - a potion of ambrosia
 q - 2 potions of curing
 z - 2 potions of resistance
 E - a potion of lignification {unknown}
Comestibles
 f - 8 rations


   Skills:
 + Level 4.2 Fighting
 + Level 6.1 Axes
 * Level 3.2 Throwing
 * Level 5.2 Armour
 - Level 0.2 Dodging
 + Level 5.0 Shields


You had 6 spell levels left.
You didn't know any spells.
Your spell library contained the following spells:

 Spells                   Type           Power        Failure   Level  Hunger
 Corona                   Hex            #......      100%        1    ##.....
 Magic Dart               Conj           #...         100%        1    ##.....
 Blink                    Tloc           N/A          100%        2    ###....
 Call Imp                 Summ           #.......     100%        2    ###....
 Ensorcelled Hibernation  Hex/Ice        #.....       100%        2    ###....
 Slow                     Hex            #.......     100%        2    ###....
 Confuse                  Hex            #.......     100%        3    ####...
 Conjure Flame            Conj/Fire      #.......     100%        3    ####...
 Dazzling Spray           Conj/Hex       #.....       100%        3    ####...
 Mephitic Cloud           Conj/Pois/Air  #.......     100%        3    ####...
 Tukima's Dance           Hex            #.......     100%        3    ####...


Dungeon Overview and Level Annotations

Branches:
Dungeon (5/15)
 Temple: D:4-7

Altars:
Elyvilon
Okawaru
Vehumet

Annotations:
D:2 exclusion: downstairs


Innate Abilities, Weirdness & Mutations

You are resistant to damage.
You can heal yourself by infusing magical energy.
You passively map a small area around you.
You do not regenerate.
Your mind is acute. (Int +2)
You are frail. (-10% HP)
Your muscles are strong. (Str +2)
You evolve.


Message History

Okay, then.
You feel much better. The orc warrior closely misses you.
You block the iguana's attack.
You closely miss the iguana.
The iguana is heavily wounded.
You block the orc warrior's attack. The iguana bites you.
You hit the iguana.
The iguana is severely wounded.
The orc warrior hits you but does no damage.
You block the iguana's attack.
You slash the iguana!
You kill the iguana!
The orc warrior hits you from afar with a +0 trident!
The orc warrior hits you from afar with a +0 trident!
Found a ring mail.
The orc warrior throws a boomerang.
The boomerang hits you!
* * * LOW HITPOINT WARNING * * *
The weapon returns to the orc warrior!
The orc warrior throws a boomerang.
The boomerang hits you!!
You die...

###.#....###.####.##............#
###.##...###.#* #.##.#≈..♣..≈##.#
.............. ..##.#≈≈...≈≈##.#
###.##.<.###.#######.###...####.#
###.##.#........[....# ##.## #.#
#...##.#†###..........###.# #<#
#........# #..........# #.#
#...##.### #.####(###<#####.#
...###...# #@####...).......#
#.## #÷#.# #.##.).....####### #>#
#.#.# #.##o#####.# #.. #.## #.#.#
#.##.# #.# #.# ...###.#.#
#.##.### #.# #.# .......#.#
#.o....# #.# #.. ...#####.#
#......###.# #.# #.## .#
#..........# #.# [.#
.########....^##### ##..


You could see an orc warrior.

Vanquished Creatures
  Duvessa (D:5)
  3 ogres
  Dowan (D:5)
  A scorpion (D:5)
  A crimson imp (D:5)
  A hound (D:4)
  3 orc priests
  An iguana (D:5)
  2 orc wizards (D:4)
  2 worker ants (D:5)
  Robin (D:2)
  3 gnolls (D:4)
  7 adders
  An ooze (D:3)
  4 worms
  An adder skeleton (D:4)
  3 dart slugs
  3 leopard geckos
  11 orcs
  6 giant cockroaches
  16 goblins
  7 hobgoblins
  2 jackals
  2 quokkas
  A ball python (D:2)
  7 bats
  4 frilled lizards
  A jackal skeleton (D:4)
  9 kobolds
  3 rats
108 creatures vanquished.

Vanquished Creatures (others)
  A quokka (D:5)
  5 toadstools (D:1)
6 creatures vanquished.

Grand Total: 114 creatures vanquished

Notes
Turn   | Place    | Note
-------+----------+-------------------------------------------
     0 | D:1      | sillyhamneeda the Deep Dwarf Fighter began the quest for
                  | the Orb.
     0 | D:1      | Reached XP level 1. HP: 20/20 MP: 1/1
   205 | D:1      | Reached XP level 2. HP: 24/27 MP: 2/2
   528 | D:2      | Reached XP level 3. HP: 29/34 MP: 3/3
   598 | D:2      | Noticed Robin
   613 | D:2      | Killed Robin
   613 | D:2      | Reached skill level 3 in Axes
   872 | D:2      | Reached XP level 4. HP: 23/42 MP: 4/4
  1263 | D:2      | Found a radiant altar of Vehumet.
  1557 | D:3      | Noticed an ogre
  1765 | D:3      | Killed an ogre
  1765 | D:3      | Reached skill level 4 in Axes
  1765 | D:3      | Reached skill level 1 in Throwing
  1765 | D:3      | Reached XP level 5. HP: 16/49 MP: 5/5
  2434 | D:3      | Reached XP level 6. HP: 34/56 MP: 6/6
  3013 | D:4      | Reached skill level 5 in Axes
  3059 | D:4      | Reached XP level 7. HP: 36/63 MP: 7/7
  3685 | D:5      | Entered Level 5 of the Dungeon
  3686 | D:5      | Found a white marble altar of Elyvilon.
  3762 | D:5      | Found an iron altar of Okawaru.
  3793 | D:5      | Gained mutation: Your mind is acute. (Int +2) [potion of
                  | mutation]
  3793 | D:5      | Gained mutation: Your muscles are strong. (Str +2) [potion
                  | of mutation]
  3793 | D:5      | Gained mutation: You are frail. (-10% HP) [potion of
                  | mutation]
  3793 | D:5      | Gained mutation: You evolve. [potion of mutation]
  4071 | D:5      | Noticed Duvessa
  4089 | D:5      | Noticed Dowan
  4097 | D:5      | Killed Duvessa
  4097 | D:5      | Reached skill level 5 in Armour
  4108 | D:5      | Killed Dowan
  4108 | D:5      | Reached skill level 6 in Axes
  4108 | D:5      | Reached skill level 5 in Shields
  4292 | D:5      | Hit by a boomerang thrown by an orc warrior

Levels and vault maps discovered:
D:1:      ldierk_walled_garden, layout_basic
D:2:      layout_rooms, lemuel_coloured_pillars_altar,
          hangedman_decor_clover_reticule, uniq_robin
D:3:      layout_basic, first_ration
D:4:      layout_gridville
D:5:      layout_loops_ring, elyvilon_altar_4, basic_altar, uniq_duvessa

Skill      XL: |  1  2  3  4  5  6  7 |
---------------+----------------------+-----
Fighting       | 3 4 |  4.2
Axes           | 3 4 5 6 |  6.1
Shields        | 4 5 |  5.0
Throwing       | 1 2 3 |  3.2
Armour         | 4 5 |  5.2
Dodging        | |  0.2

Action                   |  1- 3 |  4- 6 |  7- 9 || total
-------------------------+-------+-------+-------++-------
Melee: War axe           |   114 |   129 |    90 ||   333
 Fire: Hunting sling     |     6 |    71 |     5 ||    82
Throw: Dart              |       |    22 |     9 ||    31
       Stone             |       |     3 |     1 ||     4
       Throwing net      |       |     2 |       ||     2
 Abil: Heal Wounds       |       |     2 |     3 ||     5
  Use: Scroll            |       |     2 |     4 ||     6
       Potion            |       |       |     4 ||     4
 Stab: Held in net/web   |       |     1 |       ||     1
  Eat: Chunk             |       |     7 |     4 ||    11
Armor: Scale mail        |    44 |    10 |       ||    54
       Chain mail        |       |    50 |    33 ||    83
Dodge: Dodged            |    29 |    30 |    17 ||    76
Block: Shield            |    61 |    75 |    47 ||   183

Table legend:
 A = Non-vault XP
 B = Vault XP
 C = Vault XP percentage of total XP
 D = Non-vault monster count
 E = Vault monster count
 F = Vault count percentage of total count
                 A         B        C        D         E       F
            +---------+---------+-------+---------+---------+-------
      Total |    1116 |     266 |  19.2 |      95 |      13 |  12.0
            +---------+---------+-------+---------+---------+-------
        D:1 |      28 |       0 |   0.0 |      14 |       0 |   0.0
        D:2 |      70 |      36 |  34.0 |      24 |      11 |  31.4
        D:3 |     249 |       0 |   0.0 |      29 |       0 |   0.0
        D:4 |     502 |       0 |   0.0 |      19 |       0 |   0.0
        D:5 |     267 |     230 |  46.3 |       9 |       2 |  18.2
            +---------+---------+-------+---------+---------+-------
